 Dungeon Crawl Stone Soup version 0.19-a0-1895-g783e625 (webtiles) character file.

5001 Amnesiac the Severer (level 10, -17/135 HPs)
             Began as a Deep Dwarf Berserker on Oct 18, 2016.
             Was an Elder of Trog.
             Demolished by a hill giant
             ... wielding a +0 giant spiked club
              (32 damage)
             ... on level 10 of the Dungeon.
             The game lasted 00:11:17 (2995 turns).

Amnesiac the Severer (Deep Dwarf Berserker)         Turns: 2995, Time: 00:11:18

Health: -17/135    AC:  6    Str: 26      XL:     10   Next: 29%
Magic:  19/19      EV: 12    Int:  7 (8)  God:    Trog [****..]
Gold:   318        SH:  0    Dex: 17      Spells: 0 memorised, 9 levels left

rFire  . . .     SeeInvis .     k - +2 broad axe (flame)
rCold  . . .     Gourm    +     o - +0 troll leather armour
rNeg   . . .     Faith    .     (no shield)
rPois  .         Spirit   .     (helmet restricted)
rElec  .         Reflect  .     (no cloak)
rCorr  .         Harm     .     (no gloves)
MR     +....                    (no boots)
Stlth  ..........               x - amulet of the gourmand
                                n - +2 ring of protection
                                v - ring of magical power

@: berserking, lethally poisoned (-17 -> -17), non-regenerating, very quick
A: damage resistance, recharge devices, horns 1, slimy green scales 1, thin
skeletal structure 1, blurry vision 1, deformed body, deterioration 1, mutation
resistance 1, sense surroundings 2, screaming 1, slow regeneration 3
a: Device Recharging, Berserk, Trog's Hand, Brothers in Arms, Burn Spellbooks,
Renounce Religion


You were on level 10 of the Dungeon.
You worshipped Trog.
Trog was greatly pleased with you.
You were very full.

You visited 1 branch of the dungeon, and saw 10 of its levels.

You collected 348 gold pieces.
You spent 30 gold pieces at shops.

Inventory:

Hand Weapons
 k - a +2 broad axe of flaming (weapon)
Missiles
 m - 2 throwing nets (quivered)
Armour
 o - a +0 troll leather armour (worn)
Jewellery
 n - a +2 ring of protection (right hand)
 v - a ring of magical power (left hand)
 x - an amulet of the gourmand (around neck)
Wands
 c - a wand of heal wounds (0/9)
 f - a wand of random effects (32/48)
Scrolls
 a - 2 scrolls of identify
 b - a scroll of remove curse
 j - 3 scrolls of magic mapping
 B - a scroll of teleportation
Potions
 e - a potion of lignification
 l - a potion of might {unknown}
 A - a potion of brilliance
Comestibles
 d - 4 bread rations
 g - 4 beef jerkies
 h - 9 fruits
 i - 5 meat rations
 p - 6 chunks of flesh
 z - a slice of pizza


   Skills:
 - Level 5.6 Fighting
 + Level 15.0 Axes
 - Level 2.1 Armour
 - Level 2.1 Dodging


You had 9 spell levels left.
You didn't know any spells.

Dungeon Overview and Level Annotations

Branches:
Dungeon (10/15)            Temple (0/1) D:7
   Lair: D:8-11         Orc: D:9-12

Altars:
Cheibriados
Qazlal
Xom

Shops:
D:5 *


Innate Abilities, Weirdness & Mutations

You are resistant to damage.
You can recharge devices by infusing magical energy.
You passively map the area around you.
You do not regenerate.
You have a pair of small horns on your head.
You are partially covered in slimy green scales. (AC +2)
You have a somewhat thin skeletal structure. (Dex +2, Stealth)
Scrolls take you a little longer to read.
Armour fits poorly on your strangely shaped body.
Your body sometimes deteriorates upon taking damage.
You are somewhat resistant to further mutation.
You occasionally shout uncontrollably at your foes.


Message History

You hit the killer bee. You burn the killer bee. The killer bee stings you!
* * * LOW HITPOINT WARNING * * *
You are poisoned.
The killer bee poisons you!
You miss the killer bee. Your headbutt misses the killer bee.
The killer bee is moderately wounded.
The killer bee stings you!
* * * LOW HITPOINT WARNING * * *
You are more poisoned.
The killer bee poisons you!
You carve the killer bee like a ham!!! You burn the killer bee.
You kill the killer bee!
Trog accepts your kill.
You slash the orc! You burn the orc.
You kill the orc!
Trog accepts your kill.
You slice the hill giant!! You burn the hill giant.
The hill giant is heavily wounded.
The hill giant hits you with a giant spiked club!!
You die...

*...........#*,.#
...........##.# ,* *
*...........'(.# , *
*...........#### , * *
##+#######...########.
, *, * #.....?.......
, * #............. * ,
#...%..†##... , * , *+
* #......@# , , * * ,
.?......))C.o.... ,,
......##........) , ,
.......##........#**,,
, , ....... ..........
, ................. ,
,, , ... #.......... ,
* #.......... ,, * *,
,, , , , ,


You could see a hill giant and an orc priest.

Vanquished Creatures
  A troll (D:9)
  3 hippogriffs
  2 wyverns (D:8)
  2 wargs (D:10)
  Menkaure (D:7)
  4 black bears
  A phantom (D:9)
  4 ogres
  4 sky beasts
  6 centaurs
  Blork the orc (D:4)
  5 bullfrogs
  3 scorpions
  10 killer bees
  2 howler monkeys
  2 crimson imps
  A quasit (D:9)
  A bullfrog zombie (D:9)
  2 hounds
  2 jellies
  6 orc priests
  2 bullfrog skeletons
  An iguana (D:10)
  5 orc wizards
  2 worker ants (D:9)
  A hound skeleton (D:6)
  A mummy (D:8)
  2 worker ant zombies
  7 gnolls
  A howler monkey skeleton (D:4)
  4 adders
  A shadow imp (D:5)
  An adder skeleton (D:4)
  A worm (D:4)
  3 leopard geckos
  25 orcs
  2 bats
  2 giant cockroaches
  A hobgoblin (D:10)
  6 jackals
  4 quokkas
  A rat (D:2)
136 creatures vanquished.

Vanquished Creatures (others)
  A gnoll (D:6)
  A leopard gecko (D:6)
  An orc (D:6)
3 creatures vanquished.

Grand Total: 139 creatures vanquished

Notes
Turn   | Place    | Note
-------+----------+-------------------------------------------
     0 | D:1      | Amnesiac the Deep Dwarf Berserker began the quest for the Orb.
     0 | D:1      | Reached XP level 1. HP: 20/20 MP: 1/1
   214 | D:2      | Reached skill level 4 in Axes
   214 | D:2      | Reached XP level 2. HP: 24/27 MP: 2/2
   275 | D:3      | Reached XP level 3. HP: 33/33 MP: 3/3
   350 | D:3      | Reached skill level 5 in Axes
   350 | D:3      | Reached XP level 4. HP: 15/40 MP: 4/4
   412 | D:4      | Noticed Blork the orc
   424 | D:4      | Killed Blork the orc
   424 | D:4      | Reached skill level 6 in Axes
   424 | D:4      | Reached XP level 5. HP: 25/46 MP: 5/5
   511 | D:5      | Entered Level 5 of the Dungeon
   530 | D:5      | Reached ** piety under Trog
   532 | D:5      | Reached skill level 7 in Axes
   546 | D:5      | Noticed a black bear
   576 | D:4      | Reached XP level 6. HP: 13/55 MP: 6/6
   788 | D:5      | Reached skill level 8 in Axes
   817 | D:5      | Found Lenoudgh's General Store.
   851 | D:5      | Bought a potion of lignification for 30 gold pieces
   897 | D:6      | Noticed a sky beast
   904 | D:6      | Killed a sky beast
   908 | D:6      | Reached XP level 7. HP: 41/61 MP: 7/7
   937 | D:6      | Found a shimmering altar of Xom.
   984 | D:6      | Reached skill level 9 in Axes
  1170 | D:7      | Reached skill level 10 in Axes
  1244 | D:7      | Noticed Menkaure
  1254 | D:7      | Killed Menkaure
  1254 | D:7      | Reached XP level 8. HP: 52/68 MP: 8/8
  1384 | D:8      | Reached skill level 11 in Axes
  1502 | D:8      | Reached *** piety under Trog
  1529 | D:8      | Found a snail-covered altar of Cheibriados.
  1631 | D:8      | Reached skill level 5 in Fighting
  1790 | D:8      | Gained mutation: You passively map the area around you. [Deep Dwarf growth]
  1790 | D:8      | Reached XP level 9. HP: 81/81 MP: 9/9
  1797 | D:8      | Gained mutation: Armour fits poorly on your strangely shaped body. [mutagenic meat]
  1800 | D:8      | Gained mutation: You have a pair of small horns on your head. [mutagenic meat]
  1806 | D:8      | Gained mutation: You have a somewhat thin skeletal structure. (Dex +2, Stealth) [mutagenic meat]
  1809 | D:8      | Gained mutation: You are somewhat resistant to further mutation. [mutagenic meat]
  1812 | D:8      | Gained mutation: Your body sometimes deteriorates upon taking damage. [mutagenic meat]
  1828 | D:8      | Gained mutation: You are partially covered in slimy green scales. (AC +2) [potion of mutation]
  1889 | D:8      | Reached skill level 12 in Axes
  2084 | D:9      | Reached skill level 13 in Axes
  2121 | D:9      | Gained mutation: You occasionally shout uncontrollably at your foes. [mutagenic meat]
  2127 | D:9      | Gained mutation: Scrolls take you a little longer to read. [mutagenic meat]
  2347 | D:9      | Noticed a troll
  2356 | D:9      | Killed a troll
  2356 | D:9      | Reached skill level 14 in Axes
  2415 | D:9      | Reached **** piety under Trog
  2619 | D:9      | Reached XP level 10. HP: 29/90 MP: 10/10
  2777 | D:9      | Found a stormy altar of Qazlal.
  2952 | D:10     | Entered Level 10 of the Dungeon
  2985 | D:10     | Noticed a hill giant
  2990 | D:10     | Reached skill level 15 in Axes
  2995 | D:10     | Demolished by a hill giant

Vault maps used:
D:1:      lightli_arrival_maybe_door_vault
D:2:      minivault_27
D:3:      gammafunk_temple_overflow_elements
D:4:      kennysheep_mini_moat, lemuel_zombie_altar_kikubaaqudgha, first_bread,
          nicolae_dithmenos_through_a_glass_darkly, uniq_blork_the_orc
D:5:      dancing_weapons_uskayaw, kennysheep_little_box, serial_shops,
          nicolae_shop_trees
D:6:      xom_confusion_cloud, nicolae_ru_great_annihilating_truth,
          trog_ov_bears_minmay, basic_altar
D:7:      tgw_sif, serial_shops, shop, uniq_menkaure
D:8:      slow_altar_1
D:9:      nicolae_qazlal_eye_of_the_storm
D:10:     lair_0_dummy, erik_orc_4, hangedman_little_slice_of_home

Skill      XL: |  1  2  3  4  5  6  7  8  9 10 |
---------------+-------------------------------+-----
Axes           | 4 5 6 7 8 10 11 14 15 | 15.0
Fighting       | 5 |  5.6
Armour         | |  2.1
Dodging        | |  2.1

Action                   |  1- 3 |  4- 6 |  7- 9 | 10-12 || total
-------------------------+-------+-------+-------+-------++-------
Melee: Hand axe          |    36 |    72 |   381 |       ||   489
       Headbutt          |       |       |    32 |     6 ||    38
       Broad axe         |       |       |    12 |    35 ||    47
Throw: Throwing net      |       |     1 |       |       ||     1
Invok: Berserk           |     2 |     4 |    10 |     1 ||    17
Evoke: Wand              |       |     3 |    14 |     2 ||    19
  Use: Scroll            |       |     2 |     9 |       ||    11
       Potion            |       |       |     6 |       ||     6
  Eat: Chunk             |       |     5 |    43 |     1 ||    49
       Bread ration      |       |       |     1 |       ||     1
Armor: Ring mail         |    15 |    23 |   116 |       ||   154
       Skin              |       |       |     1 |       ||     1
       Troll leather arm |       |       |     7 |     9 ||    16
Dodge: Dodged            |    14 |    37 |   233 |    21 ||   305
